 Dungeon Crawl Stone Soup version 0.32-a0-768-g0f6f1dd4b9 (webtiles) character file.

Game seed: 11187913503995092782

640519 jasper the Conqueror (level 27, -12/199 HPs)
             Began as a Gargoyle Berserker on Mar 18, 2024.
             Was the Champion of Lugonu.
             Mangled by Irigaith the pandemonium lord (13 damage)
             ... in Pandemonium.
             The game lasted 02:56:21 (69998 turns).

jasper the Conqueror (Gargoyle Berserker)          Turns: 69998, Time: 02:56:22

Health: -12/199    AC: 69    Str: 39      XL:     27
Magic:  34/34      EV:  9    Int:  5 (8)  God:    Lugonu [******]
Gold:   3337       SH: 20    Dex:  4 (7)  Spells: 18/26 levels left

rFire   + + .        r - +18 lance "Wyrmbane" {slay drac, rPois rF+ rC+ AC+3}
rCold   + + +        g - +0 tower shield {AC+3}
rNeg    + . .        b - +5 gold dragon scales
rPois   ∞            w - +2 hat
rElec   +            S - +2 cloak of the Thunderstorm {Regen+ Str+3 Dex-3}
rCorr   +            H - +0 pair of gloves of Jiruog {rPois Regen+}
SInv    .            N - +0 pair of boots
Will    ++++.        F - amulet of regeneration Stlth
                     a - ring of willpower
HPRegen 2.93/turn    y - ring of resist corrosion
MPRegen 0.24/turn

%: clarity
@: flying, studying Hexes
A: sickness immunity, AC +20, big wings, negative energy resistance 1,
electricity resistance, torment resistance 1, petrification resistance, beak,
camouflage 1, clarity, cold resistance 2, strong-willed 1, strong 1, noise
suppression
}: 4/15 runes: decaying, serpentine, slimy, silver
a: Renounce Religion, Depart the Abyss, Banish, Corrupt, Enter the Abyss, Brand
Weapon With Distortion


You were in Pandemonium.
You worshipped Lugonu.
Lugonu was exalted by your worship.
You visited 11 branches of the dungeon, and saw 52 of its levels.
You visited Pandemonium 1 time, and saw 3 of its levels.
You visited the Abyss 1 time.
You also visited: Gauntlet, Ice Cave and Wizlab.

You collected 9423 gold pieces.
You spent 6086 gold pieces at shops.

Inventory:

Hand Weapons
 f - a +9 vampiric demon whip
 r - the +18 lance "Wyrmbane" (weapon) {slay drac, rPois rF+ rC+ AC+3}
   (You bought it in a shop on level 1 of the Vaults)

   AC+3:      It affects your AC (+3).
   rF+:       It protects you from fire.
   rC+:       It protects you from cold.
   rPois:     It protects you from poison.
Missiles
 u - 11 javelins
 V - 5 throwing nets
Armour
 b - +5 gold dragon scales (worn)
 g - a +0 tower shield of protection (worn)
 w - a +2 hat (worn)
 H - the +0 pair of gloves of Jiruog (worn) {rPois Regen+}
   (You acquired it on level 5 of the Vaults)

   rPois:     It protects you from poison.
   Regen+:    It increases your rate of health regeneration.
 N - a +0 pair of boots (worn)
 S - the +2 cloak of the Thunderstorm (worn) {Regen+ Str+3 Dex-3}
   (You found it on level 12 of the Dungeon)

   Str+3:     It affects your strength (+3).
   Dex-3:     It affects your dexterity (-3).
   Regen+:    It increases your rate of health regeneration.
Jewellery
 a - a ring of willpower (left hand)
 y - a ring of resist corrosion (right hand)
 B - the ring of Ropt {rF+ Str+4 Slay+2}
   (You found it on level 5 of the Vaults)

   [ring of protection from fire]

   Str+4:     It affects your strength (+4).
   Slay+2:    It affects your accuracy & damage with ranged weapons and melee
   (+2).
   rF+:       It protects you from fire.
 F - an amulet of regeneration (around neck)
 L - a +4 ring of slaying
 R - an amulet of reflection
 U - a ring of protection from fire
 Z - a ring of see invisible
Wands
 c - a wand of mindburst (7)
 q - a wand of digging (18)
 v - a wand of roots (35)
 A - a wand of paralysis (79)
 I - a wand of quicksilver (20)
 K - a wand of polymorph (20)
Scrolls
 d - a scroll of butterflies
 i - 6 scrolls of poison
 t - 10 scrolls of vulnerability
 G - 23 scrolls of teleportation
 J - 3 scrolls of revelation
 M - 2 scrolls of torment
 P - 4 scrolls of immolation
 Q - 7 scrolls of fog
 T - 4 scrolls of silence
 Y - 5 scrolls of fear
Potions
 e - 12 potions of enlightenment
 h - 6 potions of ambrosia
 j - 17 potions of lignification
 l - 6 potions of mutation
 m - 10 potions of attraction
 z - 6 potions of resistance
 C - 3 potions of cancellation
 E - 21 potions of curing
 O - 6 potions of might
 W - 10 potions of haste
 X - a potion of invisibility
Miscellaneous
 k - a lightning rod (4/4)
 n - a phantom mirror
 o - a phial of floods
 p - the horn of Geryon (inert)
 s - a box of beasts (inert)
 x - a tin of tremorstones (2/2)


   Skills:
 O Level 27 Fighting
 - Level 12.0 Maces & Flails
 - Level 12.0 Polearms
 O Level 27 Armour
 - Level 10.0 Dodging
 + Level 24.1 Shields
 - Level 15.8 Invocations
 - Level 15.0 Evocations


You had 18 spell levels left.
You knew the following spells:

 Your Spells              Type           Power      Damage    Failure   Level
a - Blink                 Tloc           0%         N/A       98%         2
b - Passwall              Erth           0%         N/A       100%        3
c - Swiftness             Air            0%         N/A       100%        3

Your spell library contained the following spells:

 Spells                   Type           Power      Damage    Failure   Level
 Foxfire                  Conj/Fire      0%         2x1d4     92%         1
 Kiss of Death            Conj/Necr      0%         2d5       92%         1
 Shock                    Conj/Air       0%         1d3       92%         1
 Sting                    Conj/Alch      0%         1d3       92%         1
 Call Imp                 Summ           0%         N/A       98%         2
 Ensorcelled Hibernation  Hex/Ice        0%         N/A       98%         2
 Jinxbite                 Hex            0%         N/A       98%         2
 Mercury Vapours          Alch/Air       0%         N/A       98%         2
 Dazzling Flash           Conj/Hex       0%         N/A       100%        3
 Fugue of the Fallen      Necr           0%         N/A       100%        3
 Hailstorm                Conj/Ice       0%         3d5       100%        3
 Inner Flame              Hex/Fire       0%         N/A       100%        3
 Mephitic Cloud           Conj/Alch/Air  0%         N/A       100%        3
 Ozocubu's Armour         Ice            0%         N/A       100%        3
 Summon Ice Beast         Ice/Summ       0%         N/A       100%        3
 Teleport Other           Tloc           0%         N/A       100%        3
 Airstrike                Air            0%         2d(0-16)  100%        4
 Animate Armour           Summ/Erth      0%         N/A       100%        4
 Cause Fear               Hex            0%         N/A       100%        4
 Dispel Undead            Necr           0%         3d6       100%        4
 Fulminant Prism          Conj/Alch      0%         3d5       100%        4
 Ignite Poison            Fire/Alch      0%         N/A       100%        4
 Iskenderun's Mystic Bla  Conj/Tloc      0%         2d3       100%        4
 Leda's Liquefaction      Alch/Erth      0%         N/A       100%        4
 Manifold Assault         Tloc           0%         N/A       100%        4
 Martyr's Knell           Necr/Summ      0%         N/A       100%        4
 Olgreb's Toxic Radiance  Alch           0%         N/A       100%        4
 Passage of Golubria      Tloc           0%         N/A       100%        4
 Sticky Flame             Fire/Alch      0%         2d4       100%        4
 Summon Blazeheart Golem  Fire/Summ      0%         N/A       100%        4
 Vhi's Electric Charge    Tloc/Air       0%         N/A       100%        4
 Curse of Agony           Necr           0%         N/A       100%        5
 Fireball                 Conj/Fire      0%         3d3       100%        5
 Freezing Cloud           Conj/Ice/Air   0%         6-21      100%        5
 Irradiate                Conj/Alch      0%         3d11      100%        5
 Iskenderun's Battlesphe  Conj           0%         2d6       100%        5
 Lee's Rapid Deconstruct  Erth           0%         3d4*      100%        5
 Silence                  Hex/Air        0%         N/A       100%        5
 Yara's Violent Unravell  Hex/Alch       0%         3d3       100%        5
 Bombard                  Conj/Erth      0%         9d1       100%        6
 Conjure Ball Lightning   Conj/Air       0%         3x3d6     100%        6
 Permafrost Eruption      Ice/Erth       0%         2x4d2     100%        6
 Plasma Beam              Fire/Air       0%         2x1d10    100%        6
 Sculpt Simulacrum        Ice/Alch       0%         N/A       100%        6
 Starburst                Conj/Fire      0%         6d3       100%        6
 Enfeeble                 Hex            0%         N/A       100%        7
 Haunt                    Necr/Summ      0%         N/A       100%        7
 Malign Gateway           Summ/Tloc      0%         N/A       100%        7
 Monstrous Menagerie      Summ           0%         N/A       100%        7
 Ozocubu's Refrigeration  Ice            0%         4d7       100%        7
 Spellforged Servitor     Conj/Summ      0%         N/A       100%        7
 Discord                  Hex            0%         N/A       100%        8
 Disjunction              Tloc           0%         N/A       100%        8
 Ignition                 Fire           0%         3d3       100%        8
 Maxwell's Capacitive Co  Air            0%         ∞         100%        8
 Summon Horrible Things   Summ           0%         N/A       100%        8
 Chain Lightning          Conj/Air       0%         N/A       100%        9
 Dragon's Call            Summ           0%         N/A       100%        9
 Shatter                  Erth           0%         3d5*      100%        9
 Cigotuvi's Dreadful Rot  Necr/Alch/Air  Unusable   N/A       N/A         2

Dungeon Overview and Level Annotations

Branches:
Dungeon (15/15)            Temple (0/1) D:7            Lair (5/5) D:11
  Swamp (4/4) Lair:3        Snake (4/4) Lair:2        Slime (5/5) Lair:5
    Orc (2/2) D:10            Elf (3/3) Orc:2        Vaults (5/5) D:13
  Crypt (0/3) Vaults:2     Depths (4/4) D:15           Hell (visited)
    Dis (0/7) Hell            Geh (0/7) Hell            Coc (0/7) Hell
    Tar (0/7) Hell            Zot (4/5) Depths:4      IceCv (visited)
 WizLab (visited)         Gauntlet (visited)

Altars:
Ashenzari
Gozag
Hepliaklqana
Kikubaaqudgha
Makhleb
Sif Muna
Trog
Uskayaw
Vehumet
Wu Jian
Xom
Beogh
Jiyva
Lugonu

Shops:
D:6 (   D:9 !:   Orc:2 (=(!=   Elf:2 [(=:=   Elf:3 =   Snake:4 =   Vaults:1 (
Vaults:2 (*!!=   Zot:3 **   Depths:1 =:=

Portals:
Hell: Depths:1 Depths:2 Depths:3 Depths:4
Abyss: Lair:5 Depths:3 Depths:4
Pandemonium: Depths:2 Depths:3
Ziggurat: Depths:3

Annotations:
D:3 exclusion: door
Lair:4 exclusion: oklob plant
Lair:5 3 runed translucent doors, RandomusNamus's ghost, journeyman DjCj
Snake:2 2 transporters, exclusion: orange crystal statue
Slime:5 corrupted
Hell corrupted
Zot:2 corrupted


Innate Abilities, Weirdness & Mutations

You are immune to sickness and miasma.
Your stone body is resilient. (AC +20)
You are immune to poison.
Your large and strong wings let you fly.
You resist negative energy. (rN+)
You are resistant to electric shocks. (rElec)
You are resistant to unholy torment.
You are immune to petrification.
You have a beak for a mouth.
Your skin changes colour to match your surroundings (Stealth+).
You possess an exceptional clarity of mind.
Your flesh is very cold resistant. (rC++)
You are strong-willed. (Will+)
Your muscles are strong. (Str +4, Int/Dex -1)
You passively dampen the noise of your surroundings.


Message History

You hit Irigaith but do no damage. Your peck misses Irigaith.
Irigaith is heavily wounded.
Irigaith hits you!
* * * LOW HITPOINT WARNING * * *
You take 14 damage, and have 25/199 hp.
Press: ? - help, v - describe, . - travel
Here: Irigaith, armed with a painful touch (heavily wounded)
The floor.
Unknown command.
Unknown command.
Press: ? - help, Shift-Dir - straight line, f - Irigaith
Aim: Irigaith, armed with a painful touch (heavily wounded, chance to affect: 0%)
Okay, then.
Unknown command.
You feel much better. Irigaith hits you!
* * * LOW HITPOINT WARNING * * *
You writhe in agony.
* * * LOW HITPOINT WARNING * * *
You block Irigaith's attack.
You regained 6 hp, and now have 31/199 hp.
You puncture Irigaith! You peck Irigaith, but do no damage.
Irigaith is heavily wounded.
Irigaith hits you!
* * * LOW HITPOINT WARNING * * *
You writhe in agony.
* * * LOW HITPOINT WARNING * * *
You take 21 damage, and have 10/199 hp.
Aiming: Phantom Mirror
Press: ? - help, Dir - move target, f - Irigaith
Aim: Irigaith, armed with a painful touch (heavily wounded) Nothing appears to happen.
Irigaith hits you but does no damage.
You writhe in agony.
* * * LOW HITPOINT WARNING * * *
You take 2 damage, and have 8/199 hp.
Irigaith attacks as it pursues you! Irigaith hits you.
* * * LOW HITPOINT WARNING * * *
You writhe in agony.
* * * LOW HITPOINT WARNING * * *
Irigaith hits you!
You die...

#............#.
#.......3....3#
#..###..####.#. #..#
#3.# #..# #..# #..#
#..# #..###..####.#.
########.........55..#
#....@&33.......33.5#.
########4.###..####...
#..# #..# .. #..# #..#
#..# #..#
#..###..#####.
#..(..........
#.............
#############.


You could see Irigaith, 2 sun demons and a hellwing.

Vanquished Creatures
  An orb of fire (Zot:4)
  3 dread liches (Vaults:4)
  Frederick (Vaults:4)
  3 juggernauts (Depths:2)
  Xtahua (Vaults:3)
  Boris (Depths:1)
  Bai Suzhen (Swamp:4)
  The ghost of benadryl the Conqueror, a master CoHu of Hepliaklqana (Zot:3)
  Vv (Zot:2)
  Geryon (Hell)
  5 caustic shrikes
  5 curse toes
  Nikola (Swamp:4)
  11 golden dragons
  Jory (Depths:4)
  A bone dragon (Depths:4)
  2 Tzitzimimeh
  5 doom hounds
  A hellephant (Hell)
  An iron giant (Depths:2)
  2 electric golems
  Jorgrun (D:13)
  23 tentacled monstrosities
  A walking crystal tome (Depths:3)
  4 liches
  Asterion (Depths:2)
  2 walking earthen tomes (Depths:1)
  3 deep elf blademasters
  Mlioglotl (Swamp:1)
  8 sphinxes
  3 titans
  A walking divine tome (Abyss:6)
  11 quicksilver dragons
  6 tentacled starspawn
  2 deep elf master archers (Elf:3)
  14 acid blobs
  12 death cobs
  Kirke (Lair:3)
  10 tengu reavers
  12 storm dragons
  Agnes (Elf:2)
  Aizul (Snake:4)
  10 shadow dragons
  2 thorn hunters
  A nagaraja (Snake:4)
  Donald (Snake:1)
  9 draconian monks
  5 narguns (Depths:1)
  Roxanne (Swamp:4)
  7 azure jellies
  7 protean progenitors
  8 fire giants
  8 rockslimes
  7 draconian shifters
  3 balrugs
  7 deep elf sorcerers
  An iron dragon (Depths:2)
  20 vault wardens
  4 draconian knights
  7 frost giants
  8 draconian scorchers
  3 deep elf elementalists (Elf:3)
  Louise (Swamp:4)
  6 reapers
  5 draconian stormcallers
  An orc warlord (Elf:2)
  3 ghost moths
  3 ghouls (Swamp:1)
  6 quicksilver oozes
  4 draconian annihilators
  17 very ugly things
  A caustic shrike skeleton (Hell)
  22 stone giants
  10 ironbound thunderhulks
  3 spriggan defenders (Depths:3)
  7 formless jellyfish
  20 ironbound preservers
  A lorocyproca (Depths:4)
  2 deep elf demonologists
  3 vampire knights
  6 eleionomae
  8 deep elf death magi
  12 green draconians
  11 deep elf annihilators
  2 grey draconians (Depths:4)
  9 yellow draconians
  A minotaur (Gauntlet)
  4 red draconians
  3 bunyips
  10 white draconians
  4 dire elephants
  A spark wasp (Depths:4)
  20 black draconians
  2 putrid mouths (Depths:4)
  4 war gargoyles
  10 purple draconians
  Snorg (D:12)
  3 eidola
  2 blizzard demons
  13 ettins
  2 iron golems (Depths:4)
  5 fire dragons
  11 yaktaur captains
  9 ice dragons
  3 crystal guardians
  5 entropy weavers
  A shambling mangrove (Swamp:2)
  34 vault guards
  4 deep elf high priests
  2 rakshasas
  A fenstrider witch zombie (Hell)
  10 great orbs of eyes
  Harold (D:11)
  6 ghost crabs
  4 spriggan air magi
  22 hydras
  3 salamander tyrants
  2 hell beasts (Depths:4)
  10 ironbound frosthearts
  Erolcha (Orc:2)
  4 peacekeepers
  4 catoblepae
  21 centaur warriors
  8 ogre magi
  4 alligators
  A caustic shrike simulacrum (Hell)
  6 anacondas
  7 death yaks
  8 boulder beetles
  2 death knights (Vaults:2)
  A two-headed ogre (shapeshifter) (D:12)
  A sphinx skeleton (Vaults:1)
  12 deep troll shamans
  28 dancing weapons
  3 hell hogs (Depths:4)
  13 two-headed ogres
  2 radroaches (Zot:4)
  15 deep troll earth magi
  16 naga warriors
  4 spriggan berserkers
  Sonja (Lair:4)
  2 tengu warriors (D:15)
  11 naga sharpshooters
  2 occultists
  3 orc high priests
  9 shock serpents
  8 thrashing horrors
  A crystal echidna (Depths:4)
  9 deep elf knights
  2 skysharks
  11 hell knights
  A wretched star (Abyss:6)
  A fire crab (shapeshifter) (Vaults:3)
  14 sun demons
  8 soul eaters
  3 sixfirhies
  6 salamander mystics
  4 skeletal warriors (D:13)
  2 spatial maelstroms
  8 iron trolls
  4 sea snakes
  A death drake (Swamp:1)
  3 goliath frogs
  5 arcanists
  A glowing orange brain (Depths:1)
  5 naga ritualists
  A flayed ghost (Depths:3)
  8 large abominations
  2 spriggan druids
  67 deep trolls
  14 swamp dragons
  An obsidian statue (Zot:3)
  17 bog bodies
  7 deep elf archers
  6 mana vipers
  2 thermic dynamos (Elf:2)
  4 orc knights
  An orange crystal statue (Hell)
  19 ironbound convokers
  6 phantasmal warriors
  A harpy (D:12)
  11 lindwurms
  23 deep elf zephyrmancers
  5 shining eyes
  11 deep elf pyromancers
  10 cyclopes
  A faun (shapeshifter) (Vaults:5)
  7 necromancers
  5 orc sorcerers (Orc:2)
  An iron dragon zombie (Hell)
  37 ugly things
  2 alligator skeletons
  4 manticores
  A worldbinder (Abyss:6)
  Maurice (D:9)
  An apocalypse crab (Abyss:5)
  A meliai (shapeshifter) (D:13)
  3 meliai (D:14)
  8 will-o-the-wisps
  16 moths of wrath
  13 salamanders
  34 elephants
  4 eyes of devastation
  4 guardian serpents
  32 black mambas
  A black mamba (shapeshifter) (Lair:5)
  2 rust devils
  3 molten gargoyles
  3 water nymphs (Zot:3)
  4 gargoyles
  A cane toad (shapeshifter) (Elf:1)
  2 ice statues (IceCv)
  29 naga magi
  A torpor snail (Lair:2)
  A water nymph (shapeshifter) (WizLab)
  18 vault sentinels
  12 smoke demons
  2 centaur skeletons (Hell)
  3 hellions
  8 cane toads
  3 unseen horrors
  A yaktaur zombie (Vaults:3)
  A storm dragon simulacrum (Hell)
  8 rime drakes
  9 komodo dragons
  Jeremiah (D:7)
  A freezing wraith (Vaults:2)
  38 yaktaurs
  A tengu conjurer (Depths:4)
  Psyche (D:11)
  A tormentor (Depths:4)
  An efreet (D:14)
  3 ancient zymes
  A hydra zombie (Hell)
  2 bloated husks (Swamp:1)
  6 trolls
  6 polar bears
  2 glass eyes
  A raiju (shapeshifter) (Elf:1)
  16 hornets
  A hellwing (Gauntlet)
  21 blink frogs
  A tarantella (shapeshifter) (Elf:1)
  10 dream sheep
  14 tyrant leeches
  Prince Ribbit (D:7)
  An alligator simulacrum (Hell)
  4 raiju
  A hydra skeleton (Hell)
  A culicivora (Vaults:3)
  105 slime creatures
  Sigmund (D:3)
  3 ynoxinuls
  A jumping spider (WizLab)
  2 deep troll skeletons
  2 vampires
  16 spriggans
  An ettin skeleton (Hell)
  4 air elementals
  A water elemental (Elf:3)
  16 golden eyes
  73 yaks
  11 wyverns
  A naga simulacrum (Hell)
  3 fire elementals
  10 basilisks
  2 neqoxecs (Abyss:4)
  A golden eye (shapeshifter) (Lair:5)
  A steam dragon (D:4)
  7 redbacks
  16 vampire mosquitoes
  A chaos spawn (Pan)
  39 nagas
  12 water moccasins
  25 swamp worms
  4 acid dragons
  2 great orb of eyes simulacra (IceCv)
  A hydra simulacrum (Hell)
  13 swamp drakes
  A swamp drake (shapeshifter) (Elf:1)
  30 orc warriors
  A sky beast (D:6)
  An ice beast (D:8)
  15 laughing skulls
  A black bear (Vaults:4)
  13 small abominations (Lair:5)
  22 ogres
  16 wolves (Lair:1)
  2 boggarts (WizLab)
  5 centaurs
  An orc skeleton (Vaults:1)
  2 kobold brigands
  3 slime creature simulacra (IceCv)
  15 bullfrogs
  An entropy weaver simulacrum (Vaults:3)
  3 glowing shapeshifter simulacra (IceCv)
  2 earth elementals
  4 scorpions
  8 wights
  6 killer bees (D:9)
  3 howler monkeys
  3 electric eels
  A quasit (Abyss:4)
  Crazy Yiuf (D:3)
  3 hounds
  A jelly (D:7)
  2 bombardier beetles
  22 orc priests
  11 starcursed masses
  An iguana (D:6)
  40 orc wizards
  14 hell rats
  4 shapeshifter simulacra (IceCv)
  11 gnolls
  12 adders
  5 shadow imps
  2 white imps
  2 ufetubi (D:5)
  5 dart slugs
  6 ribbon worms
  70 orcs
  3 bats
  14 endoplasms
  2 giant cockroaches
  4 hobgoblins
  13 kobolds
  3 quokkas
  5 ball pythons
  6 frilled lizards
  6 goblins
  5 rats
  A lurking horror (Abyss:6)
  A starspawn tentacle (Abyss:6)
2395 creatures vanquished.

Vanquished Creatures (collateral kills)
  the Lernaean hydra (Swamp:4)
  The ghost of Eugor the Eclecticist, an adept DECj of Vehumet (Snake:2)
  2 nagarajas (Snake:4)
  A rockslime (Slime:5)
  A quicksilver ooze (Slime:5)
  A naga sharpshooter (Snake:4)
  A shock serpent (Snake:2)
  2 obsidian statues (WizLab)
  A mana viper (Snake:2)
  A moth of wrath (Snake:2)
  A guardian serpent (Snake:4)
  2 nagas (Snake:4)
15 creatures vanquished.

Vanquished Creatures (others)
  the Royal Jelly (Slime:5)
  3 curse toes (Zot:2)
  2 bone dragons (Zot:2)
  A tentacled monstrosity (Zot:1)
  A lich (Depths:4)
  7 acid blobs (Slime:5)
  2 eldritch tentacles (WizLab)
  3 rockslimes (Slime:5)
  2 azure jellies (Slime:5)
  A frost giant (Depths:1)
  A fire giant (Depths:3)
  A reaper (Hell)
  A curse skull (Zot:2)
  A quicksilver ooze (Slime:5)
  A black draconian (Zot:2)
  A vampire knight (Depths:3)
  A deep elf annihilator (Elf:3)
  A yellow draconian (Zot:3)
  A crystal guardian (Hell)
  An ice dragon (Depths:4)
  A great orb of eyes (Slime:5)
  A naga warrior (Snake:3)
  A hell hog (Hell)
  A sun demon (Hell)
  A crystal echidna (Hell)
  A soul eater (Hell)
  An anaconda zombie (Hell)
  A bog body (Swamp:1)
  3 glowing orange brains (Zot:2)
  A necromancer (Hell)
  A deep elf pyromancer (Elf:3)
  A will-o-the-wisp (Swamp:1)
  3 shining eyes
  A toenail golem (Zot:2)
  A smoke demon (Hell)
  An anaconda simulacrum (Hell)
  5 bloated husks
  A harpy skeleton (Hell)
  2 glass eyes (Zot:2)
  4 slime creatures
  3 water elementals
  5 golden eyes (Zot:2)
  A sea snake simulacrum (Hell)
  A harpy simulacrum (Hell)
  A swamp worm (Swamp:1)
  An ogre (Vaults:5)
  2 orc wizards
  A boggart simulacrum (D:15)
  An orc (D:7)
  34 foxfires
  13 starspawn tentacles
128 creatures vanquished.

Grand Total: 2538 creatures vanquished

Notes
Turn   | Place    | Note
-------+----------+-------------------------------------------
     0 | D:1      | jasper the Gargoyle Berserker began the quest for the Orb.
     0 | D:1      | Reached XP level 1. HP: 14/14 MP: 1/1
    81 | D:1      | Reached XP level 2. HP: 12/19 MP: 2/2
   945 | D:2      | Reached XP level 3. HP: 23/23 MP: 3/3
  1315 | D:2      | Reached XP level 4. HP: 28/28 MP: 4/4
  1318 | D:2      | Reached skill level 5 in Maces & Flails
  1490 | D:2      | Found a faded altar of an unknown god.
  1495 | D:2      | Reached ** piety under Trog
  1653 | D:2      | Reached XP level 5. HP: 27/32 MP: 5/5
  1885 | D:3      | Noticed Sigmund
  1897 | D:3      | Killed Sigmund
  1898 | D:3      | Reached XP level 6. HP: 31/37 MP: 6/6
  2312 | D:3      | You fall into a shaft and drop 2 floors!
  2312 | D:5      | Entered Level 5 of the Dungeon
  2331 | D:5      | Reached XP level 7. HP: 39/41 MP: 7/7
  2430 | D:4      | Noticed a steam dragon
  2443 | D:4      | Killed a steam dragon
  2607 | D:3      | Found a runed translucent door.
  2608 | D:3      | Noticed Crazy Yiuf
  2656 | D:3      | Noticed a moth of wrath
  2658 | D:3      | Found a bloodstained altar of Trog.
  2817 | D:3      | Killed Crazy Yiuf
  3027 | D:4      | Found a hide-covered altar of Uskayaw.
  3028 | D:4      | Found an ornate altar of the Wu Jian Council.
  3718 | D:4      | Found a hazy altar of Hepliaklqana.
  3722 | D:4      | Found a shimmering altar of Xom.
  3727 | D:4      | Found a burning altar of Makhleb.
  4027 | D:5      | Reached XP level 8. HP: 46/46 MP: 8/8
  4241 | D:5      | Reached skill level 10 in Maces & Flails
  5240 | D:6      | Found a broken altar of Ashenzari.
  5323 | D:6      | Found Oppicwecs's Antique Weapon Emporium.
  5365 | D:6      | Reached *** piety under Trog
  5609 | D:7      | Noticed Jeremiah
  5695 | D:7      | HP: 3/69 [Jeremiah/+3 trident of draining (8)]
  5697 | D:7      | Killed Jeremiah
  5698 | D:7      | Reached XP level 9. HP: 3/51 MP: 9/9
  5957 | D:7      | Noticed Prince Ribbit
  5976 | D:7      | Killed Prince Ribbit
  6015 | D:7      | Found a staircase to the Ecumenical Temple.
  6638 | D:7      | Reached skill level 5 in Fighting
  7209 | D:8      | Reached skill level 5 in Armour
  7385 | D:8      | Reached XP level 10. HP: 24/61 MP: 10/10
  8328 | D:9      | Reached **** piety under Trog
  8606 | D:9      | Noticed a two-headed ogre
  8616 | D:9      | Killed a two-headed ogre
  8655 | D:9      | Found Noucsita's Book Shop.
  9061 | D:9      | Noticed Maurice
  9065 | D:9      | Maurice stole 4 boomerangs
  9118 | D:9      | Something stole a ring of fire
  9126 | D:9      | Something stole a +2 flail of venom
  9147 | D:9      | Killed Maurice
  9244 | D:9      | Found Hafoevics's Distillery.
  9252 | D:9      | Bought a potion of lignification for 42 gold pieces
  9252 | D:9      | Bought a potion of curing for 42 gold pieces
  9252 | D:9      | Bought a potion of might for 56 gold pieces
  9252 | D:9      | Bought a potion of enlightenment for 70 gold pieces
  9276 | D:9      | Identified the +1 dagger "Axzorhogg" {speed, ^Fragile
                  | +Blink Str+4 Dex+3}
  9372 | D:9      | Reached XP level 11. HP: 69/71 MP: 11/11
  9530 | D:10     | Entered Level 10 of the Dungeon
  9655 | D:10     | Reached skill level 10 in Fighting
  9801 | D:10     | Noticed a two-headed ogre
  9805 | D:10     | Reached skill level 10 in Armour
  9811 | D:10     | Killed a two-headed ogre
 10459 | D:10     | Found a staircase to the Orcish Mines.
 10543 | D:11     | Noticed Harold
 10565 | D:11     | Killed Harold
 10694 | D:11     | Noticed Psyche
 10701 | D:11     | Killed Psyche
 10817 | D:11     | Noticed a two-headed ogre
 10832 | D:11     | Killed a two-headed ogre
 11179 | D:11     | Found a staircase to the Lair.
 11380 | Lair:1   | Entered Level 1 of the Lair of Beasts
 11388 | Lair:1   | Reached XP level 12. HP: 53/81 MP: 12/12
 11654 | Lair:1   | Reached ***** piety under Trog
 14149 | Lair:2   | Found a staircase to the Snake Pit.
 14215 | Lair:2   | Reached skill level 1 in Shields
 14407 | Lair:2   | Reached XP level 13. HP: 50/90 MP: 13/13
 14627 | Lair:3   | Reached skill level 5 in Shields
 14680 | Lair:3   | Found a staircase to the Swamp.
 14742 | Lair:3   | Received a gift from Trog
 15108 | Lair:3   | Identified the +2 ring mail "Jugoim" {rN+ Dex+3 Slay+2}
 15344 | Lair:3   | Noticed Kirke
 15373 | Lair:3   | Killed Kirke
 16045 | Lair:4   | Noticed Sonja
 16087 | Lair:4   | Killed Sonja
 16445 | Lair:4   | Reached skill level 10 in Shields
 16891 | Lair:4   | Received a gift from Trog
 17694 | Lair:5   | Entered Level 5 of the Lair of Beasts
 17931 | Lair:5   | Gained mutation: Your large and strong wings let you fly.
                  | [Gargoyle growth]
 17931 | Lair:5   | Reached XP level 14. HP: 79/96 MP: 14/14
 18896 | Lair:5   | Received a gift from Trog
 19039 | Lair:5   | Noticed RandomusNamus's ghost (journeyman DjCj)
 19210 | Lair:5   | Found a runed translucent gate.
 19210 | Lair:5   | Found a runed translucent gate.
 19210 | Lair:5   | Found a runed translucent gate.
 19221 | Lair:5   | Reached skill level 15 in Shields
 19359 | Lair:5   | Found a viscous altar of Jiyva.
 19373 | Lair:5   | Found a staircase to the Slime Pits.
 19554 | Lair:5   | Identified the +6 falchion of the Devouring Tiger {venom,
                  | rPois rCorr Int+3 Dex-5}
 19801 | Lair:5   | Received a gift from Trog
 20067 | Lair:5   | Reached XP level 15. HP: 94/101 MP: 15/15
 20348 | Lair:5   | Reached skill level 15 in Fighting
 20513 | Lair:5   | Found a corrupted altar of Lugonu.
 20513 | Lair:5   | Found a one-way gate to the infinite horrors of the Abyss.
 20517 | Lair:5   | Identified the +6 sling of the Dark Horse {antimagic, rElec
                  | Str+2}
 20951 | Orc:1    | Entered Level 1 of the Orcish Mines
 21075 | Orc:2    | Entered Level 2 of the Orcish Mines
 21176 | Orc:2    | Found Cenu's Antique Weapon Boutique.
 21498 | Orc:1    | Found a frozen archway.
 21533 | IceCv    | Entered an ice cave
 22030 | IceCv    | Found a viscous altar of Jiyva.
 22030 | IceCv    | Noticed an azure jelly
 22040 | IceCv    | Killed an azure jelly
 22114 | IceCv    | Got the ring "Kabb" {Ice Int+3 Dex+3}
 22573 | Orc:2    | Found Sackeg's Jewellery Emporium.
 22600 | Orc:2    | Found an ancient bone altar of Kikubaaqudgha.
 22647 | Orc:2    | Noticed Erolcha
 22648 | Orc:2    | Found a radiant altar of Vehumet.
 22686 | Orc:2    | Killed Erolcha
 22749 | Orc:2    | Found Lolo's Jewellery Shoppe.
 22789 | Orc:2    | Found a roughly hewn altar of Beogh.
 22789 | Orc:2    | Found Usiesmua's Antique Weapon Shoppe.
 22847 | Orc:2    | Found Ojok's Distillery.
 22855 | Orc:2    | Bought a potion of ambrosia for 128 gold pieces
 22855 | Orc:2    | Bought 2 potions of haste for 320 gold pieces
 22855 | Orc:2    | Bought a potion of enlightenment for 80 gold pieces
 22855 | Orc:2    | Bought a potion of attraction for 48 gold pieces
 22855 | Orc:2    | Bought a potion of attraction for 48 gold pieces
 22855 | Orc:2    | Bought 2 potions of curing for 96 gold pieces
 22855 | Orc:2    | Bought a potion of resistance for 160 gold pieces
 22855 | Orc:2    | Bought 2 potions of cancellation for 256 gold pieces
 23045 | Orc:2    | Found a staircase to the Elven Halls.
 23225 | D:12     | Noticed Snorg
 23235 | D:12     | Killed Snorg
 23247 | D:12     | Received a gift from Trog
 23273 | D:12     | Reached skill level 15 in Armour
 23474 | D:12     | Identified the +2 cloak of the Thunderstorm {Regen+ Str+3
                  | Dex-3}
 23598 | D:12     | Paralysed by a vampire knight for 5 turns
 24205 | D:13     | Reached XP level 16. HP: 111/111 MP: 16/16
 24730 | D:13     | Found a gate to the Vaults.
 24803 | D:13     | Noticed Jorgrun
 24818 | D:13     | Killed Jorgrun
 24959 | D:14     | HP: 1/112 [titanic slime creature (78)]
 25000 | D:14     | Found a gate leading to a gauntlet.
 25009 | Gauntlet | Entered a Gauntlet
 25009 | Gauntlet | Found a transporter.
 25009 | Gauntlet | Found a transporter.
 25028 | Gauntlet | Found a transporter.
 25028 | Gauntlet | Found a transporter.
 25038 | Gauntlet | Found a transporter.
 25048 | Gauntlet | Found a transporter.
 25048 | Gauntlet | Found a transporter.
 25072 | Gauntlet | Found a transporter.
 25081 | Gauntlet | Found a transporter.
 25095 | Gauntlet | Found a transporter.
 25113 | Gauntlet | Found a transporter.
 25137 | Gauntlet | Found a transporter.
 25171 | Gauntlet | Found a transporter.
 25189 | Gauntlet | Found a transporter.
 25288 | Gauntlet | Found a transporter.
 25309 | Gauntlet | Found a transporter.
 25586 | Gauntlet | Identified the ring of Tefyiss {Wiz rElec rPois rC+ Str-5}
 25621 | Gauntlet | Identified the +2 robe of the Grand God {Harm rN+ rCorr
                  | Slay+3}
 25625 | Gauntlet | Identified the +1 ring mail of the Great Game {Harm ^Drain
                  | rN+++ Str+3}
 25628 | Gauntlet | Got the Atlas of the Aggregated Bonfire
 25646 | D:14     | Identified the +9 mace "Concordance" {venom, +Blink Dex+3
                  | Stlth-}
 26105 | D:15     | Entered Level 15 of the Dungeon
 26616 | D:15     | Found a shimmering blue altar of Sif Muna.
 26876 | D:15     | Found a staircase to the Depths.
 26895 | Depths:1 | Entered Level 1 of the Depths
 26946 | Depths:1 | Reached XP level 17. HP: 115/120 MP: 17/17
 27430 | Snake:1  | Entered Level 1 of the Snake Pit
 27708 | Snake:1  | Received a gift from Trog
 28005 | Snake:1  | Noticed Donald
 28040 | Snake:1  | Killed Donald
 28851 | Snake:2  | Found a transporter.
 28852 | Snake:2  | Noticed Eugor's ghost (adept DECj)
 28854 | Snake:2  | Found a transporter.
 28886 | Snake:2  | Found a transporter.
 28943 | Snake:2  | Identified the ring "Zydghy" {*Corrode Fly Str+5}
 28944 | Snake:2  | Found a transporter.
 29323 | Snake:2  | Killed Eugor's ghost
 29330 | Snake:2  | Identified the +1 hat of Qokai {Int+5}
 29706 | Snake:3  | Received a gift from Trog
 30030 | Snake:4  | Entered Level 4 of the Snake Pit
 30209 | Snake:4  | Reached XP level 18. HP: 129/129 MP: 18/18
 30219 | Snake:4  | Found Gungole's Jewellery Shop.
 30402 | Snake:4  | Received a gift from Trog
 30676 | Snake:4  | Got a serpentine rune of Zot
 30933 | Snake:4  | Identified the serpent talisman of Plasticity {rF++ rC+}
 30933 | Snake:4  | Noticed Aizul
 30953 | Snake:4  | Killed Aizul
 31158 | Swamp:1  | Entered Level 1 of the Swamp
 31195 | Swamp:1  | Received a gift from Trog
 31822 | Swamp:1  | Reached skill level 1 in Evocations
 31989 | Swamp:2  | Noticed Mlioglotl
 32007 | Swamp:1  | Killed Mlioglotl
 32072 | Swamp:2  | Identified the +0 leather armour "Heinetam" {rC+ Will++}
 32111 | Swamp:2  | Reached ****** piety under Trog
 32356 | Swamp:2  | Got the Atlas of Spagyric Energy
 32366 | Swamp:2  | Reached XP level 19. HP: 129/135 MP: 19/19
 32502 | Swamp:2  | Received a gift from Trog
 32699 | Swamp:3  | Reached skill level 5 in Evocations
 33264 | Swamp:4  | Entered Level 4 of the Swamp
 33334 | Swamp:4  | Noticed Bai Suzhen
 33398 | Swamp:4  | Killed Bai Suzhen
 33461 | Swamp:4  | Noticed the 27-headed Lernaean hydra
 33468 | Swamp:4  | Killed the 27-headed Lernaean hydra
 33473 | Swamp:4  | Got a decaying rune of Zot
 33503 | Swamp:4  | Received a gift from Trog
 33752 | Swamp:4  | Reached skill level 10 in Evocations
 33820 | Swamp:4  | Noticed Louise
 33834 | Swamp:4  | Killed Louise
 33915 | Swamp:4  | Noticed Nikola
 33934 | Swamp:4  | Killed Nikola
 33968 | Swamp:4  | Noticed Roxanne
 33988 | Swamp:4  | Killed Roxanne
 33988 | Swamp:4  | Received a gift from Trog
 34464 | Elf:1    | Entered Level 1 of the Elven Halls
 35590 | Elf:2    | Found Vifaimy's Antique Weapon Boutique.
 35616 | Elf:2    | Found Quebirch's Book Boutique.
 35622 | Elf:2    | Paralysed by an air elemental for 1 turns
 35627 | Elf:2    | Found Meqyjom's Jewellery Emporium.
 35628 | Elf:2    | Paralysed by an air elemental for 1 turns
 35721 | Elf:2    | Noticed Agnes
 35740 | Elf:2    | Killed Agnes
 35745 | Elf:2    | Reached XP level 20. HP: 140/140 MP: 20/20
 35939 | Elf:2    | Found Xeukhat's Jewellery Boutique.
 35944 | Elf:2    | Bought a ring of willpower for 425 gold pieces
 36080 | Elf:2    | Found Mapui's Armour Boutique.
 36160 | Elf:2    | Found a huge runed translucent gate.
 36160 | Elf:2    | Found a huge runed translucent gate.
 36160 | Elf:2    | Found a huge runed translucent gate.
 36160 | Elf:2    | Found a huge runed translucent gate.
 36160 | Elf:2    | Found a huge runed translucent gate.
 36850 | Elf:3    | Entered Level 3 of the Elven Halls
 36894 | Elf:3    | Received a gift from Trog
 37112 | Elf:3    | Paralysed by an air elemental for 1 turns
 37311 | Elf:3    | Found a shimmering blue altar of Sif Muna.
 37732 | Elf:3    | Found Jolejug's Jewellery Boutique.
 37971 | Elf:3    | Identified the +5 rapier of Friendship {vamp, rCorr Str+4
                  | Int+3}
 37971 | Elf:3    | Identified the ring of Diruuthraps {Fly Int-2 Dex+3}
 38052 | Elf:3    | Noticed a Tzitzimitl
 38064 | Elf:3    | Received a gift from Trog
 38065 | Elf:3    | Reached skill level 15 in Evocations
 38379 | Elf:3    | Got the Grimoire of Anathema
 38453 | Elf:3    | Got the Volume of the Cumulonimbus and Xanthosis
 38491 | Elf:3    | Identified the +0 dagger of Prudence {freeze, Will+}
 38500 | Elf:3    | Got the Writings on Scree and Impulse
 38871 | Vaults:1 | Entered Level 1 of the Vaults
 39591 | Vaults:1 | Reached XP level 21. HP: 148/148 MP: 17/21
 40004 | Vaults:1 | Identified the amulet of Pyizui {Acrobat Dex+3}
 40793 | Vaults:1 | Found Jixu's Weapon Boutique.
 40818 | Vaults:1 | Bought the +8 lance "Wyrmbane" {slay drac, rPois rF+ rC+
                  | AC+3} for 888 gold pieces
 40818 | Vaults:1 | Found the +8 lance "Wyrmbane" {slay drac, rPois rF+ rC+
                  | AC+3}
 41147 | Vaults:2 | Found Gotariash's Weapon Shoppe.
 41191 | Vaults:2 | Reached skill level 1 in Polearms
 41211 | Vaults:2 | Received a gift from Trog
 41413 | Vaults:2 | Found a magical portal.
 41422 | WizLab   | Entered The Roulette of Golubria
 41422 | WizLab   | Found a transporter.
 41425 | WizLab   | Found a corrupted altar of Lugonu.
 41517 | WizLab   | Found a corrupted altar of Lugonu.
 41520 | WizLab   | Found a transporter.
 41537 | WizLab   | Found a transporter.
 41589 | WizLab   | Paralysed by an air elemental for 1 turns
 41679 | WizLab   | Found a corrupted altar of Lugonu.
 41693 | WizLab   | Found a transporter.
 41711 | WizLab   | Found a transporter.
 41738 | WizLab   | Got Golubria's Parchment of Location
 41863 | WizLab   | Found a corrupted altar of Lugonu.
 41881 | WizLab   | Found a corrupted altar of Lugonu.
 41882 | WizLab   | Found a transporter.
 42052 | WizLab   | Found a transporter.
 42052 | WizLab   | Found a transporter.
 42052 | WizLab   | Found a corrupted altar of Lugonu.
 42149 | WizLab   | Found a transporter.
 42151 | WizLab   | Found a transporter.
 42166 | WizLab   | Reached skill level 5 in Polearms
 42196 | WizLab   | Paralysed by an eldritch tentacle for 1 turns
 42214 | WizLab   | Gained mutation: You are clumsy. (Dex -2) [a neqoxec]
 42247 | WizLab   | Identified the +2 cloak of Ruruqu {rElec Str-5 SInv Stlth+}
 42260 | WizLab   | Identified the -1 cloak "Nyatrus" {rF+ Str+4}
 42269 | WizLab   | Identified the +3 cloak of Nitiah {rF- Str+4}
 42724 | Vaults:2 | Found Qyghejod's Distillery.
 42799 | Vaults:2 | Bought a potion of haste for 160 gold pieces
 42799 | Vaults:2 | Bought a potion of curing for 48 gold pieces
 42799 | Vaults:2 | Bought a potion of resistance for 160 gold pieces
 42799 | Vaults:2 | Bought a potion of mutation for 128 gold pieces
 42799 | Vaults:2 | Bought a potion of curing for 48 gold pieces
 42799 | Vaults:2 | Bought a potion of curing for 48 gold pieces
 42799 | Vaults:2 | Bought a potion of attraction for 48 gold pieces
 42799 | Vaults:2 | Bought a potion of enlightenment for 80 gold pieces
 42822 | Vaults:2 | Found Ruch's Jewellery Shoppe.
 43175 | Vaults:2 | Found Xaneugrosse's Distillery.
 43270 | Vaults:2 | Bought a potion of cancellation for 136 gold pieces
 43270 | Vaults:2 | Bought a potion of heal wounds for 85 gold pieces
 43270 | Vaults:2 | Bought a potion of curing for 51 gold pieces
 43270 | Vaults:2 | Bought a potion of enlightenment for 85 gold pieces
 43270 | Vaults:2 | Bought a potion of curing for 51 gold pieces
 43270 | Vaults:2 | Bought a potion of heal wounds for 85 gold pieces
 43270 | Vaults:2 | Bought a potion of curing for 51 gold pieces
 43270 | Vaults:2 | Bought 2 potions of mutation for 272 gold pieces
 43692 | Vaults:2 | Found Vare's Assorted Antiques.
 43697 | Vaults:2 | Bought a potion of lignification for 75 gold pieces
 43790 | Vaults:2 | Found a staircase to the Crypt.
 44197 | Vaults:3 | Noticed Xtahua
 44237 | Vaults:3 | Killed Xtahua
 44346 | Vaults:3 | Reached XP level 22. HP: 141/156 MP: 0/22
 44418 | Vaults:3 | Reached skill level 10 in Polearms
 44992 | Vaults:3 | Received a gift from Trog
 47769 | Lair:5   | Fell from the grace of Trog
 47769 | Lair:5   | Became a worshipper of Lugonu the Unformed
 48096 | Vaults:4 | Reached skill level 1 in Invocations
 48097 | Abyss:4  | Cast into level 4 of the Abyss (vault warden)
 48099 | Abyss:4  | Gained mutation: You sometimes lose your temper in combat.
                  | [a neqoxec]
 48246 | Abyss:4  | Paralysed by accursed screaming for 1 turns
 48267 | Abyss:4  | Paralysed by accursed screaming for 2 turns
 48275 | Abyss:5  | Found a corrupted altar of Lugonu.
 48482 | Abyss:6  | Reached skill level 5 in Invocations
 48854 | Vaults:4 | Escaped the Abyss
 48998 | Vaults:4 | Paralysed by Trog for 6 turns
 49170 | Vaults:4 | Lost mutation: You sometimes lose your temper in combat.
                  | [potion of mutation]
 49170 | Vaults:4 | Lost mutation: You are clumsy. (Dex -2) [potion of
                  | mutation]
 49170 | Vaults:4 | Gained mutation: Your muscles are strong. (Str +4, Int/Dex
                  | -1) [potion of mutation]
 49170 | Vaults:4 | Gained mutation: You occasionally lose the ability to drink
                  | potions when taking damage. [potion of mutation]
 49170 | Vaults:4 | Gained mutation: Your natural rate of healing is unusually
                  | fast. [potion of mutation]
 49170 | Vaults:4 | Gained mutation: Your mind is acute. (Int +4, Str/Dex -1)
                  | [potion of mutation]
 49762 | Vaults:4 | Reached * piety under Lugonu
 50257 | Vaults:4 | Reached skill level 10 in Invocations
 50276 | Vaults:4 | Reached XP level 23. HP: 159/163 MP: 8/30
 51148 | Vaults:5 | Entered Level 5 of the Vaults
 51162 | Vaults:5 | Reached ** piety under Lugonu
 51235 | Vaults:5 | Identified the orb "Niecyrext" {*channel, Rampage}
 51235 | Vaults:5 | Noticed Frederick
 51776 | Vaults:5 | Noticed a dread lich
 51776 | Vaults:5 | Noticed a dread lich
 51779 | Vaults:5 | Noticed a golden dragon
 51779 | Vaults:5 | Noticed a golden dragon
 51933 | Vaults:4 | Killed a dread lich
 52178 | Vaults:4 | Killed Frederick
 52542 | Vaults:5 | Noticed a dread lich
 52708 | Vaults:4 | Reached *** piety under Lugonu
 52972 | Vaults:4 | Killed a dread lich
 52987 | Vaults:4 | Killed a dread lich
 53179 | Vaults:4 | Killed a golden dragon
 53580 | Vaults:5 | Killed a golden dragon
 53706 | Vaults:4 | Killed a ghostly golden dragon
 53832 | Vaults:5 | Identified the amulet of the Ubiquitous God {Reflect
                  | ^Contam rPois rF- Dex+8 SH+5}
 54156 | Vaults:5 | Reached XP level 24. HP: 149/163 MP: 27/31
 54227 | Vaults:5 | Identified a scroll of acquirement
 54237 | Vaults:5 | Acquired 1198 gold pieces
 54250 | Vaults:5 | Learned a level 2 spell: Blink
 54254 | Vaults:5 | Learned a level 3 spell: Passwall
 54258 | Vaults:5 | Learned a level 3 spell: Swiftness
 54411 | Vaults:5 | Identified the +7 morningstar of Extinguishment {heavy,
                  | rCorr MP+9}
 54484 | Vaults:5 | Acquired the +0 pair of gloves of Jiruog {rPois Regen+}
 54500 | Vaults:5 | Got a silver rune of Zot
 54589 | Vaults:5 | Reached **** piety under Lugonu
 54982 | Vaults:5 | Identified the +6 battleaxe of the Penguin {pain, ^Fragile
                  | rCorr Int+5 Dex+4}
 55202 | Vaults:5 | Identified the ring of Ropt {rF+ Str+4 Slay+2}
 55832 | Depths:1 | Reached ***** piety under Lugonu
 56314 | Depths:1 | Found Zeruffun's Jewellery Boutique.
 56314 | Depths:1 | Found Cuonoh's Book Emporium.
 56315 | Depths:1 | Found Kiskot's Jewellery Boutique.
 56387 | Depths:1 | Identified the +2 robe of Guoguth {rPois Str-2 Int-5
                  | Stlth+}
 56387 | Depths:1 | Noticed Boris
 56424 | Depths:1 | Killed Boris
 56597 | Depths:1 | Reached skill level 27 in Fighting
 56681 | Depths:1 | Identified the +11 double sword "Negrij" {venom, Str+6}
 56783 | Depths:1 | Found a gateway to Hell.
 57238 | Depths:2 | Reached skill level 5 in Dodging
 57255 | Depths:2 | Noticed a juggernaut
 57256 | Depths:2 | Noticed a juggernaut
 57286 | Depths:2 | Killed a juggernaut
 57405 | Depths:2 | Killed a juggernaut
 57425 | Depths:2 | Found the +10 dark maul {heavy}
 57767 | Depths:2 | Noticed a juggernaut
 57785 | Depths:2 | Killed a juggernaut
 57955 | Depths:2 | Found a one-way gate leading to the halls of Pandemonium.
 58017 | Depths:2 | Identified the +4 kite shield of Intuition {Dex+6 Slay-2
                  | SInv}
 58017 | Depths:2 | Noticed Asterion
 58049 | Depths:2 | Killed Asterion
 58063 | Depths:2 | Reached XP level 25. HP: 172/187 MP: 31/31
 58575 | Depths:3 | Reached ****** piety under Lugonu
 58647 | Depths:3 | Reached skill level 10 in Dodging
 58718 | Depths:3 | Identified the +7 flail of Plague {elec, rC+ Str+3}
 58741 | Depths:3 | Found a one-way gateway to a ziggurat.
 59097 | Depths:3 | Identified the +4 chain mail of the Jabberwock {Str+2 Dex+3
                  | Slay+2 SInv}
 59260 | Depths:3 | Identified the staff of Ruination {rN+ Will+ rCorr Dex-2
                  | Necro}
 59262 | Depths:3 | Identified the staff of Moral Flaws {rElec rPois rF+ Dex+3
                  | Stlth+ Alchemy}
 59556 | Depths:4 | Entered Level 4 of the Depths
 59894 | Depths:4 | Noticed Jory
 59922 | Depths:4 | Killed Jory
 60055 | Depths:4 | Found a gate to the Realm of Zot.
 60306 | Depths:4 | Reached XP level 26. HP: 187/193 MP: 32/32
 60767 | Hell     | Entered the Vestibule of Hell
 60767 | Hell     | Noticed Geryon
 60954 | Depths:4 | Paralysed by Trog for 2 turns
 61055 | Hell     | Corrupted Hell
 61055 | Hell     | Noticed a dread lich
 61419 | Hell     | Killed Geryon
 61547 | Hell     | Found a gateway to the ashen valley of Gehenna.
 61677 | Hell     | Found a gateway to the freezing wastes of Cocytus.
 61736 | Hell     | Found a gateway to the decaying netherworld of Tartarus.
 61779 | Hell     | Found a gateway to the Iron City of Dis.
 61929 | Zot:1    | Entered Level 1 of the Realm of Zot
 62538 | Zot:1    | Reached skill level 15 in Invocations
 62864 | Zot:1    | You are sucked into a shaft and drop 1 floor!
 63276 | Zot:2    | Reached XP level 27. HP: 152/199 MP: 34/34
 63399 | Zot:1    | Acquired 805 gold pieces
 63545 | Zot:2    | Found a shimmering blue altar of Sif Muna.
 63711 | Zot:2    | Corrupted Zot:2
 64471 | Zot:3    | Noticed Vv
 64754 | Zot:2    | Killed Vv
 64867 | Zot:3    | Found a runed translucent gate.
 64869 | Zot:3    | Found a runed translucent gate.
 64869 | Zot:3    | Found an opulent altar of Gozag.
 65643 | Zot:3    | Found a runed translucent gate.
 65784 | Zot:3    | Identified the +9 trident of Juobegur {freeze, *Noise rC+
                  | Str+6}
 65969 | Zot:3    | Noticed benadryl's ghost (master CoHu)
 66023 | Zot:3    | Found Leill's Assorted Antiques.
 66025 | Zot:3    | Found Olokloho's Assorted Antiques.
 66093 | Zot:3    | Killed benadryl's ghost
 66173 | Zot:3    | Bought a scroll of immolation for 212 gold pieces
 66173 | Zot:3    | Bought a potion of mutation for 424 gold pieces
 66173 | Zot:3    | Bought a potion of mutation for 424 gold pieces
 66173 | Zot:3    | Bought a scroll of vulnerability for 212 gold pieces
 66191 | Zot:3    | Bought a scroll of vulnerability for 128 gold pieces
 66191 | Zot:3    | Bought a potion of lignification for 96 gold pieces
 66191 | Zot:3    | Bought a potion of haste for 320 gold pieces
 66436 | Zot:4    | Gained mutation: You sometimes lose the ability to drink
                  | potions when taking damage. [mutagenic glow]
 67053 | Zot:4    | Noticed an orb of fire
 67056 | Zot:4    | Gained mutation: Your body sometimes deteriorates upon
                  | taking damage. [an orb of fire]
 67087 | Zot:4    | Gained mutation: Your body often deteriorates upon taking
                  | damage. [an orb of fire]
 67092 | Zot:4    | Gained mutation: Your magical capacity is low. (-10% MP)
                  | [an orb of fire]
 67100 | Zot:4    | Killed an orb of fire
 68031 | Slime:1  | Entered Level 1 of the Pits of Slime
 68581 | Slime:3  | Reached skill level 27 in Armour
 68654 | Slime:4  | Gained mutation: You are vulnerable to heat. (rF-) [a
                  | shining eye]
 68665 | Slime:4  | Gained mutation: You are clumsy. (Dex -2) [a shining eye]
 68690 | Slime:5  | Entered Level 5 of the Pits of Slime
 68727 | Slime:4  | Gained mutation: You are frail. (-10% HP) [a shining eye]
 68813 | Slime:5  | Gained mutation: You have hidden genetic defects. [a
                  | shining eye]
 68824 | Slime:5  | Gained mutation: You are very frail. (-20% HP) [a shining
                  | eye]
 68978 | Slime:5  | Found a viscous altar of Jiyva.
 68979 | Slime:5  | Noticed the Royal Jelly
 68981 | Slime:5  | Gained mutation: You occasionally shout uncontrollably at
                  | your foes. [a shining eye]
 68983 | Slime:5  | Gained mutation: You frequently scream uncontrollably at
                  | your foes. [a shining eye]
 69004 | Slime:5  | Corrupted Slime:5
 69005 | Slime:5  | Lost mutation: You are vulnerable to heat. (rF-) [a
                  | cacodemon]
 69013 | Slime:5  | Killed the Royal Jelly
 69218 | Slime:5  | Got the Tome of Evil Words and Phlogiston
 69361 | Slime:5  | Got a slimy rune of Zot
 69363 | Slime:5  | Identified the +7 scimitar of Wyrd {pain, rPois Str+2}
 69379 | Slime:5  | Identified the ring "Meima Suta" {rElec rF+ Will- Int+4
                  | SInv}
 69556 | Lair:4   | Lost mutation: Your muscles are strong. (Str +4, Int/Dex
                  | -1) [potion of mutation]
 69556 | Lair:4   | Lost mutation: Your magical capacity is low. (-10% MP)
                  | [potion of mutation]
 69556 | Lair:4   | Lost mutation: Your natural rate of healing is unusually
                  | fast. [potion of mutation]
 69556 | Lair:4   | Lost mutation: Your body often deteriorates upon taking
                  | damage. [potion of mutation]
 69556 | Lair:4   | Gained mutation: You have a pair of small antennae on your
                  | head. [potion of mutation]
 69557 | Lair:4   | Lost mutation: You are very frail. (-20% HP) [potion of
                  | mutation]
 69557 | Lair:4   | Lost mutation: You sometimes lose the ability to drink
                  | potions when taking damage. [potion of mutation]
 69557 | Lair:4   | Lost mutation: You are frail. (-10% HP) [potion of
                  | mutation]
 69557 | Lair:4   | Gained mutation: You are partially covered in iridescent
                  | scales. (AC +2) [potion of mutation]
 69558 | Lair:4   | Lost mutation: You have a pair of small antennae on your
                  | head. [potion of mutation]
 69558 | Lair:4   | Lost mutation: You occasionally lose the ability to drink
                  | potions when taking damage. [potion of mutation]
 69558 | Lair:4   | Lost mutation: Your mind is acute. (Int +4, Str/Dex -1)
                  | [potion of mutation]
 69558 | Lair:4   | Gained mutation: You sometimes lose your temper in combat.
                  | [potion of mutation]
 69558 | Lair:4   | Gained mutation: You do not regenerate when monsters are
                  | visible. [potion of mutation]
 69558 | Lair:4   | Gained mutation: You are strong-willed. (Will+) [potion of
                  | mutation]
 69559 | Lair:4   | Lost mutation: You are clumsy. (Dex -2) [potion of
                  | mutation]
 69559 | Lair:4   | Lost mutation: You frequently scream uncontrollably at your
                  | foes. [potion of mutation]
 69559 | Lair:4   | Gained mutation: You are weak. (Str -2) [potion of
                  | mutation]
 69559 | Lair:4   | Gained mutation: You have a pair of small horns on your
                  | head. [potion of mutation]
 69560 | Lair:4   | Lost mutation: You have a pair of small horns on your head.
                  | [potion of mutation]
 69560 | Lair:4   | Lost mutation: You are partially covered in iridescent
                  | scales. (AC +2) [potion of mutation]
 69560 | Lair:4   | Lost mutation: You sometimes lose your temper in combat.
                  | [potion of mutation]
 69560 | Lair:4   | Gained mutation: Your flesh is cold resistant. (rC+)
                  | [potion of mutation]
 69561 | Lair:4   | Lost mutation: You are weak. (Str -2) [potion of mutation]
 69561 | Lair:4   | Lost mutation: You occasionally shout uncontrollably at
                  | your foes. [potion of mutation]
 69561 | Lair:4   | Gained mutation: Your body often deteriorates upon taking
                  | damage. [potion of mutation]
 69561 | Lair:4   | Gained mutation: You passively dampen the noise of your
                  | surroundings. [potion of mutation]
 69561 | Lair:4   | Gained mutation: Your flesh is very cold resistant. (rC++)
                  | [potion of mutation]
 69562 | Lair:4   | Lost mutation: You have hidden genetic defects. [potion of
                  | mutation]
 69562 | Lair:4   | Lost mutation: Your body often deteriorates upon taking
                  | damage. [potion of mutation]
 69562 | Lair:4   | Lost mutation: Your body sometimes deteriorates upon taking
                  | damage. [potion of mutation]
 69562 | Lair:4   | Gained mutation: You have hidden genetic defects. [potion
                  | of mutation]
 69562 | Lair:4   | Gained mutation: Your muscles are strong. (Str +4, Int/Dex
                  | -1) [potion of mutation]
 69562 | Lair:4   | Gained mutation: You possess an exceptional clarity of
                  | mind. [potion of mutation]
 69563 | Lair:4   | Lost mutation: You do not regenerate when monsters are
                  | visible. [potion of mutation]
 69563 | Lair:4   | Lost mutation: You have hidden genetic defects. [potion of
                  | mutation]
 69563 | Lair:4   | Gained mutation: You have a beak for a mouth. [potion of
                  | mutation]
 69563 | Lair:4   | Gained mutation: Your skin changes colour to match your
                  | surroundings (Stealth+). [potion of mutation]
 69767 | Pan      | Entered Pandemonium
 69944 | Pan      | Noticed Irigaith the pandemonium lord
 69997 | Pan      | HP: 8/199 [Irigaith the pandemonium lord (5)]
 69998 | Pan      | HP: 1/199 [Irigaith the pandemonium lord (4)]
 69998 | Pan      | Mangled by Irigaith the pandemonium lord

Illustrated notes

Levels and vault maps discovered:
D:1:      lemuel_arrival_behind_the_door_small, layout_loops_cross,
          serial_glass, glass_columns_a, glass_columns_a, item_on_display_a,
          minmay_strange_pillars, minmay_strange_pillars,
          amcnicky_mini_pool_small, minmay_hedge_maze
D:2:      layout_basic, basic_ecumenical_altar, st_stairs_7,
          nicolae_grassy_gnolls
D:3:      layout_rooms, tgw_trog, minmay_misc_feat_roman,
          uniq_crazy_yiuf_cottage, uniq_sigmund
D:4:      layout_loops_corners, grunt_temple_overflow_diamond,
          jmf_multi_god_temple, serial_aquarium, aquarium_bridge_straight
          [aquarium_subvault_bridge, aquarium_subvault_window,
          aquarium_subvault_bridge, aquarium_subvault_wall], aquarium_window_1,
          aquarium_window_3, aquarium_view_2a, aquarium_balcony_double_2,
          aquarium_pool_2
D:5:      layout_rooms, chequers_mini_garden
D:6:      layout_basic, general_overflow_altar, serial_shops, shop,
          minivault_25, hangedman_decor_peaks_small, minmay_misc_feat_plants,
          nrook_campfire, nicolae_elevator_lobby_plus
D:7:      layout_loops_ring, lemuel_temple_firewalk_b, amethyst_killhole,
          uniq_jeremiah, uniq_prince_ribbit1
D:8:      layout_basic
D:9:      layout_basic, serial_shops, nicolae_shop_crystal,
          nicolae_shop_advertising_works [nicolae_subvault_shop_adworks],
          chequers_serial_rivers_micro_b, uniq_maurice
D:10:     layout_basic, orc_0_dummy
D:11:     layout_loops_cross, lair_entry_dummy, uniq_psyche, uniq_harold
D:12:     minmay_chopped_fan, layout_irregular_city, uniq_snorg
D:13:     layout_loops_ring, david_vaults_5, uniq_jorgrun
D:14:     layout_rooms, dk_noncrumbling_4, gauntlet_entry_generic,
          grunt_decor_one_mirror, kennysheep_generic_room_7
D:15:     grunt_enter_depths_snipers, layout_basic,
          nicolae_sif_muna_condensation
Lair:1:   beast_lair_carwin_large_3, layout_cave_pods
Lair:2:   layout_roguey, nicolae_snake_entry_squirm,
          infiniplex_staircase_pool_2, grunt_megastairs_1
Lair:3:   layout_big_grid, nicolae_swamp_entry_splash_gauntlet, enter_volcano_2,
          grunt_megastairs_3, uniq_kirke
Lair:4:   layout_regular_city, lemuel_fruit_fields, uniq_sonja
Lair:5:   hellmonk_lair_end_abyssal_woods, layout_cave_shapes, slime_entry_1,
          gammafunk_ghost_icy, special_room [special_room_mythical_zoo]
Swamp:1:  regret_index_all_hallows'_manor, layout_falls_marsh,
          nicolae_swamp_tree_isthmus
Swamp:2:  layout_falls_marsh, evilmike_swamp_ruin_rubble_2,
          nicolae_swamp_decorative_isthmus, uniq_mlioglotl
Swamp:3:  layout_basic_swamp, evilmike_swamp_ruin_rubble_1, st_swamp_ruins_2
Swamp:4:  grunt_swamp_rune_castle, layout_basic_swamp, swamp_pool_5,
          uniq_bai_suzhen, uniq_louise, uniq_roxanne, uniq_nikola
Snake:1:  layout_chambers, uniq_donald
Snake:2:  gammafunk_sealed_arena, layout_misc_corridors,
          gammafunk_ghost_berserking_beasts
Snake:3:  layout_rooms, st_stairs_5, nicolae_snake_bzzzt
Snake:4:  snake_pit, layout_concentric_octagons, serial_shops, shop, uniq_aizul
Slime:1:  layout_caves
Slime:2:  layout_caves, uniq_dissolution
Slime:3:  cheibrodos_slime_lost_civilization_10, layout_caves,
          cheibrodos_slime_lost_civilization_4
Slime:4:  layout_caves
Slime:5:  slime_pit_nicolae_inversion
Orc:1:    layout_diamond_mine, portal_ice_cave_entry_pillars_1
Orc:2:    kennysheep_orc_mage_school, layout_caves, serial_shops,
          nicolae_shop_stone
Elf:1:    eino_elf_arrival_shootout, layout_loops_corners,
          nicolae_elf_shapeshifter_party
Elf:2:    elven_hall_of_blades_hangedman_alternative
          [nicolae_blade_entry_sentries_behind_glass], layout_loops_cross,
          serial_shops, shop, nicolae_book_shop_shelving, shop_fountains, shop,
          nicolae_shop_hallway_stairs, lemuel_upstairs_altar, uniq_agnes
Elf:3:    elf_hall, layout_gridlike, special_room [special_room_orc],
          basic_altar, serial_shops, nicolae_shop_real_fake_doors
Vaults:1: v_misc_3, nicolae_vaults_network_s, v_alt_pattern_4,
          nicolae_vaults_taking_the_gang_shopping, ontoclasm_vaults_ligature,
          nicolae_vaults_storage_room_glass, nicolae_vaults_stand_back,
          nicolae_vaults_network_star, ontoclasm_vaults_twist, v_misc_29,
          vaults_dpeg_emergency_exit, nicolae_vaults_house_2, vaults_dpeg_hooks,
          layout_vaults_omnicross
Vaults:2: mu_enter_wizlab_5, grunt_vaults_swirl,
          nicolae_vaults_closet_pinwheel_1, nicolae_vaults_mitosis,
          ontoclasm_vaults_spin, v_pattern_4,
          nicolae_vaults_trapezoid_lopsided_1, blue_anna_dwarven_crypt,
          v_misc_12, v_misc_15, layout_vaults_maze, serial_shops,
          nicolae_shop_hallway_plus, nicolae_shop_bloodbath_and_beyond, shop,
          shop, nicolae_shop_stone
Vaults:3: v_alt_pattern_5, hangedman_vaults_stream, nicolae_vaults_spaceships,
          ontoclasm_vaults_echo, v_rooms_2, grunt_vaults_focal, v_alt_pattern_3,
          vaults_room_fours, vaults_room_pool, nicolae_vaults_asterisk,
          nicolae_vaults_heart-shaped_vault, nicolae_vaults_trapezoid_3,
          layout_vaults_omnibox, uniq_xtahua
Vaults:4: vaults_room_ringed_pool, nicolae_vaults_trapezoid_4,
          ontoclasm_vaults_shuriken, nicolae_vaults_mini_display_case,
          nicolae_vaults_two_Ls, nicolae_vaults_cochlea, v_misc_33, v_misc_27,
          v_misc_23, vaults_mumra_minichess_inversion, vaults_dpeg_encased_lava,
          layout_vaults_big_room
Vaults:5: uniq_frederick
Depths:1: layout_cave_shapes, minmay_misc_feat_more_columns,
          pf_dread_powers_of_hell, roderic_cross_of_infinity,
          kennysheep_flooded_box, nicolae_rock_paper_scissors,
          minmay_shop_grove, uniq_boris
Depths:2: minmay_roctagon, layout_long_grid, nicolae_two_hexagons,
          rand_demon_pan_entry_7, hell_entry, uniq_asterion
Depths:3: minmay_the_grid_octo_2x2 [minmay_the_grid_octo_teeth,
          minmay_the_grid_octo_chip, minmay_the_grid_octo_checkered,
          minmay_the_grid_octo_prize_single_spiral], layout_gridlike,
          enter_ziggurat_c, serial_corexii_hall, corexii_hall_statues_u,
          corexii_hall_statues_s, hell_entry, abyss_entry,
          rand_demon_pan_entry_1, infiniplex_staircase_x
Depths:4: evilmike_zot_entry_gauntlet, layout_twisted_cross, hellmouth_2,
          abyss_entry, uniq_jory
Hell
Zot:1:    layout_gridlike, regret_index_zotdec_split_disrupt
Zot:2:    layout_concentric_octagons, regret_index_zotdec_icy_dp,
          grunt_ministairs_15, hellmonk_body_bag
Zot:3:    layout_concentric_octagons, ebering_ghost_gozag,
          regret_index_zotdec_decaying_vile, grunt_ministairs_13, uniq_vv
Zot:4:    layout_twisted_circle, regret_index_zotdec_wing_it
Pan:      rand_demon_7, layout_chambers, rand_demon_5, layout_rooms,
          reaverb_pan_squares, rand_demon_3, layout_small_grid,
          pan_blood_fountain_1

Skill      XL: |  1  2  3  4  5  6  7  8  9 10 11 12 13 14 15 16 17 18 19 20 21 22 23 24 25 26 27 |
---------------+----------------------------------------------------------------------------------+-----
Maces & Flails | 4 5 6 7 9 11 12 | 12.0
Fighting       | 6 9 12 14 16 18 20 21 22 25 27 | 27.0
Armour         | 6 9 11 13 14 15 16 17 20 21 22 27 | 27.0
Shields        | 2 12 16 17 18 19 20 21 22 24 | 24.1
Evocations     | 4 12 15 | 15.0
Polearms       | 9 12 | 12.0
Invocations    | 10 11 13 15 | 15.8
Dodging        | 7 10 | 10.0

Action                     |  1- 3 |  4- 6 |  7- 9 | 10-12 | 13-15 | 16-18 | 19-21 | 22-24 | 25-27 || total
---------------------------+-------+-------+-------+-------+-------+-------+-------+-------+-------++-------
  Melee: Whip              |   105 |    87 |   724 |    15 |       |       |       |       |       ||   931
         Mace              |     4 |       |       |       |       |       |       |       |       ||     4
         Dire flail        |       |       |       |   723 |       |       |       |       |       ||   723
         Flail             |       |       |       |    30 |   452 |       |       |       |       ||   482
         Morningstar       |       |       |       |       |   425 |       |       |       |       ||   425
         Demon whip        |       |       |       |       |  1059 |  1720 |  1939 |       |       ||  4718
         Lance             |       |       |       |       |       |       |   124 |  3018 |  3563 ||  6705
         Peck              |       |       |       |       |       |       |       |       |    47 ||    47
  Throw: Dart              |       |       |     1 |       |       |       |       |       |       ||     1
         Javelin           |       |       |     6 |       |       |       |       |       |       ||     6
         Boomerang         |       |       |     3 |    10 |    49 |    20 |       |       |       ||    82
 Invoke: Berserk           |     2 |     3 |     7 |     8 |     5 |     1 |     2 |       |       ||    28
         Trog's Hand       |       |       |     6 |     8 |     7 |     7 |    13 |     1 |       ||    42
         Brothers in Arms  |       |       |       |       |       |     2 |     2 |       |       ||     4
         Banish            |       |       |       |       |       |       |       |     1 |     5 ||     6
         Corrupt           |       |       |       |       |       |       |       |       |     3 ||     3
  Evoke: Wand              |       |       |       |     1 |       |     3 |     3 |     1 |     7 ||    15
         Lightning rod     |       |       |       |       |       |     4 |    16 |     6 |    15 ||    41
         Box of beasts     |       |       |       |       |       |       |     3 |     1 |     2 ||     6
         Phantom mirror    |       |       |       |       |       |       |     1 |     2 |     3 ||     6
         Phial of floods   |       |       |       |       |       |       |     1 |     2 |       ||     3
         Tin of tremorston |       |       |       |       |       |       |       |       |     3 ||     3
         Horn of Geryon    |       |       |       |       |       |       |       |       |     4 ||     4
    Use: Scroll            |     4 |     6 |    10 |     8 |     4 |     7 |    10 |    18 |     8 ||    75
         Potion            |       |       |     1 |     2 |       |     1 |     5 |     7 |    23 ||    39
   Stab: Paralysed         |       |       |       |     2 |       |     3 |       |       |       ||     5
         Petrified         |       |       |       |       |     1 |       |       |       |     7 ||     8
         Petrifying        |       |       |       |       |     1 |       |       |       |       ||     1
         Distracted        |       |       |       |       |       |     1 |       |       |       ||     1
 Armour: Animal skin       |    15 |       |       |       |       |       |       |       |       ||    15
         Ring mail         |    42 |    44 |   278 |       |       |       |       |       |       ||   364
         Chain mail        |       |       |    47 |     4 |   353 |  1127 |   369 |       |       ||  1900
         Plate armour      |       |       |       |   704 |  1105 |       |  1161 |  1270 |       ||  4240
         Gold dragon scale |       |       |       |       |       |       |       |  1064 |  3175 ||  4239
  Dodge: Dodged            |    55 |    21 |   203 |   247 |   302 |   284 |   369 |   500 |   642 ||  2623
  Block: Tower shield      |       |       |       |    13 |  1603 |  1298 |  1757 |  2430 |  3102 || 10203

Table legend: (Time is in decaauts)
 A = Elapsed time spent in this place.
 B = Non-inter-level travel time spent in this place.
 C = Inter-level travel time spent in this place.
 D = Time resting spent in this place.
 E = Time spent auto-exploring this place.
 F = Levels seen in this place.
 G = Mean time per level.
                   A        B        C        D        E       F      G
               +--------+--------+--------+--------+--------+-----+--------+
         Total |  65047 |  60863 |   4184 |   5950 |  36425 |  61 | 1066.3 |
       Dungeon |  14733 |  13462 |   1271 |    910 |   9530 |  15 |  982.2 |
          Lair |  10161 |   9250 |    911 |   1140 |   5445 |   5 | 2032.2 |
         Swamp |   2905 |   2760 |    145 |     39 |   1648 |   4 |  726.2 |
     Snake Pit |   3294 |   3052 |    242 |     23 |   1804 |   4 |  823.5 |
    Slime Pits |   1111 |   1058 |     53 |    189 |     16 |   5 |  222.2 |
  Orcish Mines |   1568 |   1330 |    238 |      6 |    772 |   2 |  784.0 |
   Elven Halls |   3832 |   3672 |    160 |    494 |   2010 |   3 | 1277.3 |
        Vaults |  13419 |  12938 |    481 |   1651 |   8365 |   5 | 2683.8 |
        Depths |   5633 |   5215 |    418 |    620 |   2595 |   4 | 1408.2 |
          Hell |    416 |    410 |      6 |      0 |    263 |   1 |  416.0 |
           Zot |   5116 |   4860 |    256 |    417 |   2938 |   4 | 1279.0 |
         Abyss |    627 |    627 |      0 |    234 |     38 |   3 |  209.0 |
   Pandemonium |    167 |    167 |      0 |      7 |     28 |   3 |   55.7 |
      Ice Cave |    635 |    635 |      0 |    168 |    180 |   1 |  635.0 |
        Wizlab |    831 |    831 |      0 |     49 |    451 |   1 |  831.0 |
      Gauntlet |    592 |    592 |      0 |      0 |    340 |   1 |  592.0 |
               +--------+--------+--------+--------+--------+-----+--------+

Top non-repeatable levels by time:
Vaults:4: 4539 daAuts
Vaults:3: 3226 daAuts
  Lair:5: 3000 daAuts
  Lair:4: 2336 daAuts
Vaults:1: 2328 daAuts
  Lair:1: 2113 daAuts
Vaults:2: 1831 daAuts
Depths:1: 1718 daAuts
Depths:4: 1686 daAuts
   Elf:3: 1586 daAuts
   Zot:2: 1559 daAuts
Vaults:5: 1493 daAuts
     D:7: 1383 daAuts
  Lair:3: 1383 daAuts
   Zot:3: 1338 daAuts
